 Dungeon Crawl Stone Soup version 0.29.0-11-gd7f09526c8 (webtiles) character file.

Game seed: 13625485535245495850

683 Flugkiller the Chopper (level 7, -2/62 HPs)
             Began as a Minotaur Fighter on Sept 6, 2022.
             Was a Follower of Okawaru.
             Killed by nerve-wracking pain
             ... invoked by Grinder
              (11 damage)
             ... on level 6 of the Dungeon.
             The game lasted 00:02:13 (5322 turns).

Flugkiller the Chopper (Minotaur Fighter)           Turns: 5322, Time: 00:02:14

Health: -2/62      AC: 13    Str: 21    XL:     7   Next: 35%
Magic:  7/7        EV:  6    Int:  5    God:    Okawaru [*.....]
Gold:   191        SH:  4    Dex: 11    Spells: 6/6 levels left

rFire   . . .      SeeInvis .   a - +1 war axe
rCold   . . .      Faith    .   c - +0 buckler
rNeg    . . .      Spirit   .   e - +0 plate armour
rPois   .          Reflect  .   (helmet restricted)
rElec   .          Harm     .   (no cloak)
rCorr   .          Rampage  .   (no gloves)
Will    .....                   m - +0 pair of boots
Stlth   ..........              (no amulet)
HPRegen 0.20/turn               (no ring)
MPRegen 0.10/turn               (no ring)

@: about to teleport
A: horns 2, retaliatory headbutt
a: Renounce Religion, Heroism


You were on level 6 of the Dungeon.
You worshipped Okawaru.
Okawaru was aware of your devotion.
You visited 2 branches of the dungeon, and saw 7 of its levels.

You collected 191 gold pieces.

Inventory:

Hand Weapons
 a - a +1 war axe (weapon)
Armour
 b - a +0 scale mail
 c - a +0 buckler (worn)
 e - a +0 plate armour (worn)
   (You found it on level 1 of the Dungeon)
 m - a +0 pair of boots (worn)
   (You found it on level 3 of the Dungeon)
Wands
 d - a wand of iceblast (15)
   (You found it on level 2 of the Dungeon)
Scrolls
 j - 2 scrolls of fear
 k - a scroll of enchant weapon
 l - a scroll of magic mapping
 s - a scroll of vulnerability
 z - a scroll of blinking
Potions
 g - a potion of heal wounds {unknown}
 h - 2 potions of haste
 i - 2 potions of cancellation
 n - a potion of mutation {unknown}
 o - a potion of attraction {unknown}
 q - 3 potions of curing


   Skills:
 + Level 5.9 Fighting
 * Level 7.1 Axes
 + Level 5.9 Armour
 - Level 3.6 Shields
 + Level 1.6 Invocations
 + Level 0.0 Evocations


You had 6 spell levels left.
You didn't know any spells.
Your spell library was empty.

Dungeon Overview and Level Annotations

Branches:
Dungeon (6/15)             Temple (1/1) D:5

Altars:
Ashenzari
Cheibriados
Dithmenos
Elyvilon
Fedhas
Gozag
Hepliaklqana
Kikubaaqudgha
Makhleb
Nemelex Xobeh
Okawaru
Qazlal
Ru
Sif Muna
Trog
Uskayaw
Vehumet
Wu Jian
Xom
Yredelemnul
Zin
The Shining One

Annotations:
D:6 Dowan, Duvessa, Grinder


Innate Abilities, Weirdness & Mutations

You have a pair of horns on your head.
You reflexively headbutt those who attack you in melee.


Message History

Found a stone staircase leading down.
Found a ring mail.
You now have 191 gold pieces (gained 8).
You see here a +0 ring mail.
Grinder comes into view.
Grinder shouts!
You hear a shout! x2
Grinder is nearby! 2 orcs come into view.
The orc shouts!
You hear a shout!
An orc comes into view. It is wielding a +0 mace.
Grinder gestures at you. Pain shoots through your body!
You closely miss Grinder.
The orc shouts!
You hear a shout!
Grinder gestures at you.
You struggle to resist.
You closely miss Grinder. Grinder gestures at you.
Pain shoots through your body!
You completely miss Grinder. You block Grinder's attack.
You hit Grinder.
Grinder is lightly wounded.
Grinder gestures at you.
You suddenly lose the ability to move!
Grinder hits you!
You writhe in agony.
The orc hits you with a +0 club.
Grinder says, "Mostly I couldn't keep them alive."
Grinder hits you.
You writhe in agony.
Duvessa, Sister of Dowan comes into view.
She is wielding a +0 short sword.
The orc hits you but does no damage. Grinder hits you.
You writhe in agony.
The orc hits you but does no damage. Grinder gestures at you.
Pain shoots through your body!
You can move again.
You slash Grinder! You headbutt Grinder.
Grinder is heavily wounded.
You hit the orc.
You kill the orc!
Okawaru accepts your kill. Grinder closely misses you.
You block the orc's attack. Grinder hits you but does no damage.
You slash Grinder! Your headbutt misses Grinder.
Grinder is almost dead.
You barely miss the orc. You block the orc's attack. Grinder gestures at you.
You shrug off the repeated paralysis!
Dowan, Brother of Duvessa comes into view.
He is wielding a +0 dagger and carrying a wand of polymorph (8).
Dowan shouts!
You hit Grinder.
Grinder is almost dead.
You slash the orc!
You kill the orc!
Okawaru accepts your kill.
You can now gain great but temporary skills.
Grinder blinks!
You slash Duvessa!
Duvessa is moderately wounded.
Duvessa hits you with a +0 short sword.
You completely miss Duvessa.
Duvessa is moderately wounded.
You closely miss the orc. The orc hits you but does no damage.
You block Duvessa's attack.
You barely miss Duvessa.
Duvessa is moderately wounded.
You slash the orc!
You kill the orc!
Okawaru accepts your kill.
Dowan gestures wildly while chanting.
Dowan blinks!
Duvessa hits you with a +0 short sword!
You are too injured to fight recklessly!
You are too injured to fight recklessly!
You are too injured to fight recklessly!
You are too injured to fight recklessly!
You are too injured to fight recklessly!
You are too injured to fight recklessly!
You are too injured to fight recklessly!
You are too injured to fight recklessly!
Unknown command.
Duvessa attacks as you move away! You block Duvessa's attack.
Grinder gestures at you. Pain shoots through your body!
* * * LOW HITPOINT WARNING * * *
Grinder hits you but does no damage.
You barely miss Grinder.
Grinder is almost dead.
You slash Duvessa!
Grinder blinks!
Dowan gestures at Duvessa while chanting.
Duvessa seems to speed up.
Duvessa barely misses you. Duvessa hits you but does no damage.
Dowan says, "My weaknesses are her strengths!"
Dowan gestures wildly while chanting.
Dowan blinks!
As you read the scroll of teleportation, it crumbles to dust.
You feel strangely unstable. Duvessa hits you with a +0 short sword.
* * * LOW HITPOINT WARNING * * *
Duvessa hits you with a +0 short sword.
* * * LOW HITPOINT WARNING * * *
Grinder gestures at you. Pain shoots through your body!
You die...

####### #...[.# ##
#.###.# #. #.#.#.# ####.
##.#.#.# ###.... #....#.#
......)####.####.#
......)..##.####.#
.....###.e@......########
... #.#..##......<...# .
...........########
#.#.......#.#
.........5..>..
###.....#.....##
####......... #.##.....#
#####.#


You could see Grinder and Duvessa (fast).

Vanquished Creatures
  Sigmund (D:4)
  A centaur (D:5)
  An ogre (D:5)
  A howler monkey (D:5)
  A hound (D:5)
  2 iguanas (D:5)
  Terence (D:2)
  Robin (D:3)
  3 adders
  4 gnolls (D:2)
  An ufetubus (D:5)
  2 worms
  2 dart slugs
  6 orcs
  3 ball pythons
  11 endoplasms
  4 giant cockroaches
  16 goblins
  11 hobgoblins
  7 jackals (D:1)
  5 kobolds
  3 quokkas
  5 bats
  3 frilled lizards
  6 rats
101 creatures vanquished.

Vanquished Creatures (others)
  6 plants (D:5)
6 creatures vanquished.

Grand Total: 107 creatures vanquished

Notes
Turn   | Place    | Note
-------+----------+-------------------------------------------
     0 | D:1      | Flugkiller the Minotaur Fighter began the quest for the
                  | Orb.
     0 | D:1      | Reached XP level 1. HP: 19/19 MP: 0/0
    31 | D:1      | HP: 1/20 [frozen (4)]
   388 | D:1      | Reached XP level 2. HP: 26/27 MP: 1/1
   389 | D:1      | Reached skill level 3 in Axes
   878 | D:1      | Reached XP level 3. HP: 27/33 MP: 2/2
  1287 | D:2      | Reached skill level 4 in Axes
  1290 | D:2      | Reached XP level 4. HP: 6/41 MP: 3/3
  1623 | D:2      | Noticed Terence
  1633 | D:2      | Killed Terence
  1977 | D:2      | Found a faded altar of an unknown god.
  2169 | D:3      | Reached XP level 5. HP: 47/47 MP: 4/4
  2362 | D:3      | Reached skill level 5 in Axes
  2688 | D:3      | Noticed Robin
  2694 | D:3      | Killed Robin
  3048 | D:4      | Noticed Sigmund
  3076 | D:4      | Killed Sigmund
  3077 | D:4      | Reached skill level 5 in Fighting
  3077 | D:4      | Reached skill level 6 in Axes
  3077 | D:4      | Reached skill level 5 in Armour
  3077 | D:4      | Reached XP level 6. HP: 29/56 MP: 5/5
  4013 | D:4      | Found a basalt altar of Yredelemnul.
  4013 | D:4      | Found a radiant altar of Vehumet.
  4164 | D:5      | Entered Level 5 of the Dungeon
  4225 | D:5      | Found a staircase to the Ecumenical Temple.
  4239 | Temple   | Entered the Ecumenical Temple
  4413 | Temple   | Became a worshipper of Warmaster Okawaru
  4705 | D:5      | Reached skill level 1 in Invocations
  4705 | D:5      | Reached XP level 7. HP: 61/61 MP: 6/6
  4917 | D:5      | Reached skill level 7 in Axes
  5302 | D:6      | Noticed Grinder
  5307 | D:6      | Paralysed by Grinder for 5 turns
  5309 | D:6      | Noticed Duvessa
  5313 | D:6      | Noticed Dowan
  5314 | D:6      | Reached * piety under Okawaru
  5322 | D:6      | Killed from afar by Grinder

Illustrated notes

Levels and vault maps discovered:
D:1:      lightli_arrival_lavapool, layout_basic, bh_walls_and_bars
D:2:      layout_rooms, dilly_ecumenical_altar_fadedgnrine, hex_large,
          uniq_terence
D:3:      layout_basic, uniq_robin
D:4:      layout_loops_corners, gammafunk_temple_overflow_pools, uniq_sigmund
D:5:      layout_gridville, minmay_temple_entry_mist, serial_bayou,
          serial_bayou_shore_b, serial_bayou_crossing, serial_bayou_pond_e,
          serial_bayou_pond_a
D:6:      cheibrodos_fertilizer, layout_basic, uniq_duvessa, uniq_grinder
Temple:   nicolae_temple_slightly_damp_pantheon

Skill      XL: |  1  2  3  4  5  6  7 |
---------------+----------------------+-----
Axes           | 3 4 6 7 |  7.1
Fighting       | 4 5 |  5.9
Armour         | 4 5 |  5.9
Invocations    | 1 |  1.6
Shields        | |  3.6

Action                   |  1- 3 |  4- 6 |  7- 9 || total
-------------------------+-------+-------+-------++-------
Melee: War axe           |    77 |   142 |    27 ||   246
       Headbutt          |     8 |    14 |     3 ||    25
  Use: Potion            |     1 |       |       ||     1
       Scroll            |       |       |    12 ||    12
Armor: Scale mail        |     8 |       |       ||     8
       Plate armour      |    36 |    85 |    16 ||   137
Dodge: Dodged            |    25 |    25 |    11 ||    61
Block: Buckler           |    24 |    21 |     7 ||    52
